Map: Altitude LE

Players

GigaPuddin

  • Race: Terran Terran
  • League: Diamond
  • Spawn Location: 7:00

DankCraft - Winner!

  • Race: Protoss Protoss
  • League: Diamond
  • Spawn Location: 1:00

VOD

Have the link to the VOD?

Description

Time

  • Played on: Feb. 2, 2023, 2:57 p.m.
  • Length: 7:16
Show
View Real Time Build Order
Export as new Build Order

GigaPuddin Terran 

Build Orders: Reaper Expand 

Get SALT Encoding   

  12  0:06  SCV  
  13  0:15  Supply Depot  
  13  0:18  SCV  
  14  0:30  SCV  
  15  0:40  Barracks  
  15  0:42  SCV  
  16  0:46  Refinery  
  16  0:54  SCV  
  17  1:08  SCV  
  18  1:20  SCV  
  19  1:30  Reaper  
  19  1:32  Orbital Command  
  20  1:50  Command Center  
  20  2:02  SCV, Supply Depot  
  21  2:16  SCV  
  21  2:17  Barracks Reactor  
  22  2:26  Refinery  
  22  2:32  SCV  
  23  2:38  Bunker  
  23  2:42  Factory  
  23  2:44  SCV  
  24  2:53  Marine x2  
  24  2:56  SCV  
  27  3:04  Orbital Command  
  27  3:08  SCV  
  27  3:11  Marine x2  
  30  3:18  Supply Depot  
  30  3:20  SCV  
  33  3:27  Widow Mine  
  33  3:28  Marine  
  33  3:29  Marine, Bunker  
  33  3:33  SCV  
  36  3:36  Bunker  
  36  3:46  Marine x2  
  40  3:48  Widow Mine  
  39  4:02  Starport  
  37  4:04  Marine x2  
  36  4:22  Marine  
  36  4:23  Marine  
  37  4:25  SCV  
  37  4:26  SCV  
  37  4:28  Factory Tech Lab  
  37  4:31  Barracks  
  38  4:32  Barracks  
  38  4:38  SCV x2  
  38  4:45  Marine  
  38  4:46  Marine  
  39  4:54  Barracks  
  39  4:55  Starport Tech Lab, Barracks  
  39  4:58  Siege Tank  
  41  5:01  Supply Depot  
  41  5:02  Supply Depot  
  41  5:04  Marine  
  38  5:15  Banshee  
  38  5:25  Marine  
  34  5:42  Marine x3  
  32  5:49  SCV  
  34  5:51  SCV  
  35  6:00  Marine  
  34  6:16  Banshee  
  34  6:18  Marine, Siege Tank  
  40  6:20  SCV  
  40  6:21  SCV  
  40  6:23  Refinery  
  40  6:24  Refinery  
  42  6:36  Marine  
  42  6:38  SCV x2  
  40  6:54  Marine  
Show
View Real Time Build Order
Export as new Build Order

DankCraft Protoss - Winner!

Build Orders:  

Get SALT Encoding   

  12  0:00  Probe  
  13  0:13  Probe  
  14  0:17  Pylon  
  14  0:25  Probe  
  15  0:36  Gateway  
  15  0:43  Assimilator  
  15  0:46  Probe  
  16  0:58  Probe  
  17  1:10  Probe  
  18  1:20  Assimilator  
  18  1:22  Probe (Chrono Boost)  
  18  1:25  Cybernetics Core  
  19  1:34  Probe (Chrono Boost)  
  20  1:49  Nexus  
  20  2:01  Adept  
  22  2:12  Pylon  
  22  2:13  Warp Gate (Chrono Boost)  
  21  2:23  Gateway  
  21  2:27  Probe  
  22  2:39  Probe  
  22  2:42  Shield Battery  
  23  2:44  Adept (Chrono Boost)  
  25  3:02  Probe  
  26  3:08  Adept (Chrono Boost)  
  26  3:09  Gateway  
  28  3:15  Adept  
  30  3:23  Pylon  
  30  3:26  Pylon  
  30  3:33  Pylon  
  30  3:39  Pylon  
  29  3:50  Probe  
  26  4:02  Probe  
  27  4:10  Pylon  
  23  4:26  Adept x3  
  23  4:29  Probe  
  28  4:52  Stalker x3  
  34  4:58  Shield Battery  
  34  5:15  Stalker x2  
  36  5:29  Stalker  
  34  5:45  Stalker x2  
  37  5:53  Probe  
  38  6:05  Stalker  
  40  6:21  Sentry, Probe  
  41  6:33  Probe  
  41  6:36  Stalker x2  
  43  6:55  Stalker  
Tags
 
Add a new tag
Caveats
  • Supply blocks, unpowered buildings, or Contaminate may cause inaccurate times.
  • Supply counts are checked every 10 seconds.